 Dungeon Crawl Stone Soup version 0.26-a0-668-gd58323b419 (webtiles) character file.

Game seed: 9088215487604575673

49 grandjackal the Slasher (level 3, -1/28 HPs)
             Began as a Demonspawn Gladiator on Oct 18, 2020.
             Slain by a centaur (2 damage)
             ... on level 2 of the Dungeon.
             The game lasted 00:01:23 (1528 turns).

grandjackal the Slasher (Demonspawn Gladiator)      Turns: 1528, Time: 00:01:23

Health: -1/28      AC:  4    Str: 14    XL:     3   Next: 51%
Magic:  3/3        EV: 13    Int: 10    God:
Gold:   76         SH:  0    Dex: 14    Spells: 2/2 levels left

rFire    . . .     SeeInvis .   a - +0 long sword
rCold    . . .     Faith    .   (no shield)
rNeg     . . .     Spirit   .   b - +0 leather armour
rPois    .         Reflect  .   c - +0 helmet
rElec    .         Harm     .   (no cloak)
rCorr    .         Rampage  .   (no gloves)
MR       .....                  (no boots)
Stlth    ++........             n - amulet of magic regeneration
HPRegen  0.09/turn              l - ring of stealth
MPRegen  0.33/turn              (no ring)

@: no status effects
A: talons 1, sturdy frame 1
a: no special abilities


You were on level 2 of the Dungeon.
You visited 1 branch of the dungeon, and saw 2 of its levels.

You collected 76 gold pieces.

Inventory:

Hand Weapons
 a - a +0 long sword (weapon)
Armour
 b - a +0 leather armour (worn)
 c - a +0 helmet (worn)
Jewellery
 k - an uncursed ring of fire
 l - a ring of stealth (left hand)
 n - an amulet of magic regeneration (around neck)
 o - an uncursed ring of stealth
Scrolls
 m - a scroll of identify {unknown}
Potions
 e - 2 potions of stabbing {unknown}
 f - a potion of berserk rage {unknown}
 g - a potion of cancellation {unknown}
 h - a potion of ambrosia {unknown}
 i - 2 potions of heal wounds {unknown}
 j - 2 potions of curing {unknown}


   Skills:
 + Level 2.8 Fighting
 + Level 3.2 Long Blades
 - Level 1.7 Throwing
 + Level 3.2 Dodging


You had 2 spell levels left.
You didn't know any spells.
Your spell library was empty.

Dungeon Overview and Level Annotations

Branches:
Dungeon (2/15)

Altars:


Innate Abilities, Weirdness & Mutations

You have sharp toenails.
Your movements are slightly less encumbered by armour. (ER -2)


Message History

You throw a throwing net. The throwing net hits the centaur.
The centaur is caught in the net!
The centaur is moderately wounded.
The centaur struggles against the net. x2
You hit the centaur.
The centaur is heavily wounded.
The centaur struggles against the net.
The net rips apart, and the centaur comes free!
You hit the centaur.
The centaur is severely wounded.
The centaur barely misses you.
You riposte.
You hit the centaur but do no damage.
The centaur is severely wounded.
The centaur barely misses you.
You hit the centaur. Your kick misses the centaur.
The centaur is almost dead.
The centaur hits you!
* * * LOW HITPOINT WARNING * * *
The centaur hits you.
You die...

#.# #.# #
#.# ## #.
#.# .. #.
#.#
.##.#.##.#
.......#.#
.......#.#
......c@##
#......##
###....
#....
#....
#.[..
#....
.....


You could see a centaur.

Vanquished Creatures
  A gnoll (D:1)
  An adder (D:2)
  An ooze (D:1)
  A dart slug (D:1)
  4 bats (D:1)
  2 giant cockroaches
  7 goblins (D:1)
  2 hobgoblins (D:1)
  A kobold (D:1)
  2 rats (D:1)
22 creatures vanquished.

Notes
Turn   | Place    | Note
-------+----------+-------------------------------------------
     0 | D:1      | grandjackal the Demonspawn Gladiator began the quest for
                  | the Orb.
     0 | D:1      | Reached XP level 1. HP: 16/16 MP: 1/1
    93 | D:1      | Gained mutation: Your movements are slightly less
                  | encumbered by armour. (ER -2) [demonic ancestry]
    93 | D:1      | Reached XP level 2. HP: 22/22 MP: 2/2
   537 | D:1      | Gained mutation: You have sharp toenails. [demonic
                  | ancestry]
   537 | D:1      | Reached XP level 3. HP: 4/28 MP: 3/3
  1514 | D:2      | Noticed a centaur
  1528 | D:2      | HP: 1/28 [centaur (7)]
  1528 | D:2      | Slain by a centaur

Illustrated notes

Levels and vault maps discovered:
D:1:      minmay_arrival_open_corners, layout_loops_ring
D:2:      cheibrodos_pilgrimage, layout_basic, nicolae_overflow_crystal_walls,
          nicolae_qazlal_style_of_elements

Skill      XL: |  1  2 |
---------------+-------+-----
Long Blades    | 3 |  3.2
Dodging        | 3 |  3.2
Fighting       | |  2.8
Throwing       | |  1.7

Action                   || total
-------------------------++-------
Melee: Long sword        ||    72
       Kick              ||     7
Throw: Throwing net      ||     5
 Stab: Sleeping          ||     1
Armor: Leather armour    ||    17
Dodge: Dodged            ||    53
       Rpst.: Long sword ||    18

Table legend: (Time is in decaauts)
 A = Elapsed time spent in this place.
 B = Non-inter-level travel time spent in this place.
 C = Inter-level travel time spent in this place.
 D = Time resting spent in this place.
 E = Time spent auto-exploring this place.
 F = Levels seen in this place.
 G = Mean time per level.
                   A        B        C        D        E       F      G
               +--------+--------+--------+--------+--------+-----+--------+
         Total |   1543 |   1514 |     29 |    429 |    882 |   2 |  771.5 |
       Dungeon |   1543 |   1514 |     29 |    429 |    882 |   2 |  771.5 |
               +--------+--------+--------+--------+--------+-----+--------+

Top non-repeatable levels by time:
     D:1: 1263 daAuts
     D:2: 279 daAuts
